Workbook

Sheet CONSULTAS DR.
A1: Atendido | B1: Consultas Psiquiatricas EXTERNAS
A2: No Atendido | B2: Mes: PRIMER SEMESTRE 2026
A3: MAYO
A4: Fecha | B4: Hora | C4: Paciente | D4: Total | E4: Forma de Pago | F4: Comentario | H4: Tipo de consulta | I4: Tipo
A5: 46146 | B5: 0.5625 | C5: Cedric | D5: 650 | E5: Transferencia | F5: pago en Abril 236331 | H5: Individual | I5: Primera
A6: 46117 | B6: 0.66666667 | C6: Edgar Nistal | D6: 650 | E6: Transferencia | F6: nit 17825849 | H6: Individual | I6: Primera
A7: 46148 | B7: 0.58333333 | C7: Gerardo Caal | D7: 650 | E7: Transferencia | H7: Individual | I7: {=_xlfn.IFS(D7<=700,"Seguimiento",D7=800,"Primera")} -> Seguimiento
A8: 46148 | B8: 0.625 | C8: Carlos Hernández | D8: 650 | E8: Efectivo | F8: NIT 10113851 | H8: Individual | I8: {=_xlfn.IFS(D8<=700,"Seguimiento",D8=800,"Primera")} -> Seguimiento
A9: 46148 | B9: 0.66666667 | C9: Melida Heredia | D9: 650 | E9: Deposito | F9: VIRTUAL | H9: Individual | I9: {=_xlfn.IFS(D9<=700,"Seguimiento",D9=800,"Primera")} -> Seguimiento
A10: 46156 | B10: 0.5 | C10: Edgar Nistal | D10: 650 | E10: Transferencia | F10: CASA COLMENA | H10: Individual | I10: {=_xlfn.IFS(D10<=700,"Seguimiento",D10=800,"Primera")} -> Seguimiento
A11: 46156 | B11: 0.66666667 | C11: Elder Alvarez | D11: 650 | E11: Transferencia | H11: Individual | I11: {=_xlfn.IFS(D11<=700,"Seguimiento",D11=800,"Primera")} -> Seguimiento
I12: {=_xlfn.IFS(D12<=700,"Seguimiento",D12=800,"Primera")} -> Seguimiento
I13: {=_xlfn.IFS(D13<=700,"Seguimiento",D13=800,"Primera")} -> Seguimiento
I14: {=_xlfn.IFS(D14<=700,"Seguimiento",D14=800,"Primera")} -> Seguimiento
I15: {=_xlfn.IFS(D15<=700,"Seguimiento",D15=800,"Primera")} -> Seguimiento
I16: {=_xlfn.IFS(D16<=700,"Seguimiento",D16=800,"Primera")} -> Seguimiento
I17: {=_xlfn.IFS(D17<=700,"Seguimiento",D17=800,"Primera")} -> Seguimiento
I18: {=_xlfn.IFS(D18<=700,"Seguimiento",D18=800,"Primera")} -> Seguimiento
I19: {=_xlfn.IFS(D19<=700,"Seguimiento",D19=800,"Primera")} -> Seguimiento
I20: {=_xlfn.IFS(D20<=700,"Seguimiento",D20=800,"Primera")} -> Seguimiento
I21: {=_xlfn.IFS(D21<=700,"Seguimiento",D21=800,"Primera")} -> Seguimiento
I22: {=_xlfn.IFS(D22<=700,"Seguimiento",D22=800,"Primera")} -> Seguimiento
I23: {=_xlfn.IFS(D23<=700,"Seguimiento",D23=800,"Primera")} -> Seguimiento
... I45: {=_xlfn.IFS(D45<=700,"Seguimiento",D45=800,"Primera")} -> Seguimiento
C46: TOTAL | D46: =SUM(D5:D45) -> 4550
E47: Individual | F47: =COUNTIF(H5:H45,E47) -> 7 | G47: Seguimiento | H47: =COUNTIF(I5:I45,G47) -> 39
C48: =5*200 -> 1000 | E48: Pareja | F48: =COUNTIF(H5:H45,E48) -> 0 | G48: Primera | H48: =COUNTIF(I5:I45,G48) -> 2
C49: 350 | E49: Familiar | F49: =COUNTIF(H5:H45,E49) -> 0
C50: =SUM(C48:C49) -> 1350
A52: ABRIL
A53: Fecha | B53: Hora | C53: Paciente | D53: Total | E53: Forma de Pago | F53: Comentario | H53: Tipo de consulta | I53: Tipo
A54: 46119 | B54: 0.875 | C54: Catherine Mazariegos | F54: INGRESO | I54: {=_xlfn.IFS(D54<=700,"Seguimiento",D54=800,"Primera")} -> Seguimiento
A55: 46125 | B55: 0.54166667 | C55: Elsa Fuentes | F55: INGRESO | I55: Primera
A56: 46125 | B56: 0.54166667 | C56: José Maldonado | D56: 650 | E56: Transferencia | H56: Individual | I56: Primera
A57: 46125 | B57: 0.625 | C57: Cayetano Lopez | D57: 400 | E57: Transferencia | F57: CF | H57: Individual | I57: Primera
A58: 46125 | B58: 0.64583333 | C58: Juana Reynoso | D58: 400 | E58: Transferencia | F58: CF | H58: Individual | I58: Primera
A59: 46126 | B59: 0.66666667 | C59: Andrea Espinoza | D59: 650 | E59: Transferencia | H59: Individual | I59: Primera
A60: 46132 | B60: 0.47569444 | C60: Juana Reynoso | D60: 650 | E60: Transferencia | H60: Individual | I60: {=_xlfn.IFS(D60<=700,"Seguimiento",D60=800,"Primera")} -> Seguimiento
A61: 46132 | B61: 0.58333333 | C61: Faustino Gonzalez | D61: 650 | E61: Transferencia | H61: Individual | I61: Primera
A62: 46133 | B62: 0.625 | C62: Carlos Samayo | D62: 650 | E62: Efectivo | F62: NIT 10113851 | H62: Individual | I62: Primera
A63: 46133 | B63: 0.66666667 | C63: Andrea Espinoza | D63: 650 | E63: Transferencia | H63: Individual | I63: {=_xlfn.IFS(D63<=700,"Seguimiento",D63=800,"Primera")} -> Seguimiento
A64: 46136 | B64: 0.66666667 | C64: Juan José Toc | D64: 0 | F64: INGRESO | H64: Individual | I64: Seguimiento
A65: 46137 | C65: Carmen paez | D65: 0 | F65: INGRESO | H65: Individual | I65: {=_xlfn.IFS(D65<=700,"Seguimiento",D65=800,"Primera")} -> Seguimiento
A66: 46140 | C66: Laila Pellecer | D66: 0 | F66: INGRESO | H66: Individual | I66: {=_xlfn.IFS(D66<=700,"Seguimiento",D66=800,"Primera")} -> Seguimiento
A67: 46141 | B67: 0.66666667 | C67: Eder Alvarez | D67: 650 | E67: Transferencia | H67: Individual | I67: Primera
A68: 46142 | B68: 0.66666667 | C68: Victor Gutierrez | D68: 650 | E68: Transferencia | H68: Individual | I68: Primera
I69: {=_xlfn.IFS(D69<=700,"Seguimiento",D69=800,"Primera")} -> Seguimiento
I70: {=_xlfn.IFS(D70<=700,"Seguimiento",D70=800,"Primera")} -> Seguimiento
C71: TOTAL | D71: =SUM(D54:D70) -> 6000
E72: Individual | F72: =COUNTIF(H54:H70,E72) -> 13 | G72: Seguimiento | H72: =COUNTIF(I54:I70,G72) -> 8
C73: =6*200 -> 1200 | E73: Pareja | F73: =COUNTIF(H54:H70,E73) -> 0 | G73: Primera | H73: =COUNTIF(I54:I70,G73) -> 9
C74: =800*3 -> 2400 | E74: Familiar | F74: =COUNTIF(H54:H70,E74) -> 0
C75: =SUM(C73:C74) -> 3600
A77: MARZO
A78: Fecha | B78: Hora | C78: Paciente | D78: Total | E78: Forma de Pago | F78: Comentario | H78: Tipo de consulta | I78: Tipo
A79: 46083 | B79: 0.45833333 | C79: Magaly García Canté | D79: 700 | E79: Tarjeta | F79: NIT: 2011564-4 | H79: Individual | I79: {=_xlfn.IFS(D79<=700,"Seguimiento",D79=800,"Primera")} -> Seguimiento
A80: 46083 | B80: 0.5 | C80: Henry Lemus | D80: 800 | E80: Transferencia | F80: NIT: 9313707-9 | H80: Individual | I80: {=_xlfn.IFS(D80<=700,"Seguimiento",D80=800,"Primera")} -> Primera
A81: 46084 | B81: 0.41666667 | C81: Iris Rodas | D81: 700 | E81: Deposito | F81: CF | H81: Individual | I81: {=_xlfn.IFS(D81<=700,"Seguimiento",D81=800,"Primera")} -> Seguimiento
A82: 46085 | B82: 0.45833333 | C82: Lesly Rodas | D82: 700 | E82: Transferencia | F82: NIT: 8920067-5 | H82: Individual | I82: {=_xlfn.IFS(D82<=700,"Seguimiento",D82=800,"Primera")} -> Seguimiento
A83: 46087 | B83: 0.41666667 | C83: Ana Matilde Alemán | D83: 700 | E83: Transferencia | F83: Nit: 36185256 | H83: Individual | I83: {=_xlfn.IFS(D83<=700,"Seguimiento",D83=800,"Primera")} -> Seguimiento
A84: 46087 | B84: 0.45833333 | C84: Héctor Caballeros | D84: 700 | E84: Efectivo | F84: NIT: 7783345 | H84: Individual | I84: {=_xlfn.IFS(D84<=700,"Seguimiento",D84=800,"Primera")} -> Seguimiento
A85: 46087 | B85: 0.54166667 | C85: José Madrid | D85: 700 | E85: Transferencia | F85: Nit: 3243627-0 | H85: Individual | I85: {=_xlfn.IFS(D85<=700,"Seguimiento",D85=800,"Primera")} -> Seguimiento
A86: 46088 | B86: 0.45833333 | C86: Roberto Aguilar | D86: 800 | E86: Transf Santa Clara | F86: NIT: | H86: Individual | I86: {=_xlfn.IFS(D86<=700,"Seguimiento",D86=800,"Primera")} -> Primera
A87: 46089 | B87: 0.70833333 | C87: Victorio Hernández | D87: 1500 | E87: Transf Santa Clara | F87: CF | H87: Individual | I87: Primera
A88: 46090 | B88: 0.375 | C88: Mara Juarez | D88: 1100 | E88: Transferencia | F88: A DOMICILIO | H88: Individual | I88: Seguimiento
A89: 46093 | B89: 0.375 | C89: Aminta Santos | D89: 700 | E89: Deposito | F89: CF | H89: Individual | I89: {=_xlfn.IFS(D89<=700,"Seguimiento",D89=800,"Primera")} -> Seguimiento
A90: 46093 | B90: 0.41666667 | C90: Mario Mazariegos | D90: 700 | E90: Transferencia | F90: CF | H90: Individual | I90: {=_xlfn.IFS(D90<=700,"Seguimiento",D90=800,"Primera")} -> Seguimiento
A91: 46093 | B91: 0.5 | C91: Marlon Herrera | D91: 800 | E91: Transferencia | H91: Individual | I91: {=_xlfn.IFS(D91<=700,"Seguimiento",D91=800,"Primera")} -> Primera
A92: 46093 | B92: 0.58333333 | C92: Kevin Matías | D92: 700 | E92: Transferencia | F92: NIT: 11191855-3 | H92: Individual | I92: {=_xlfn.IFS(D92<=700,"Seguimiento",D92=800,"Primera")} -> Seguimiento
A93: 46094 | B93: 0.41666667 | C93: Roberto Aguilar | D93: 700 | E93: Transf Santa Clara | F93: 558451-5 | H93: Individual | I93: {=_xlfn.IFS(D93<=700,"Seguimiento",D93=800,"Primera")} -> Seguimiento
A94: 46094 | B94: 0.45833333 | C94: Ana Lucía Mejía | D94: 700 | E94: Transferencia | F94: NIT: | H94: Individual | I94: Seguimiento
A95: 46097 | B95: 0.41666667 | C95: Ulises Roblero | D95: 800 | E95: Transf Santa Clara | F95: NIT 115546960 ULISES | H95: Individual | I95: {=_xlfn.IFS(D95<=700,"Seguimiento",D95=800,"Primera")} -> Primera
A96: 46097 | B96: 0.45833333 | C96: Valeria Ortíz | D96: 700 | E96: Transferencia | F96: CF | H96: Individual | I96: {=_xlfn.IFS(D96<=700,"Seguimiento",D96=800,"Primera")} -> Seguimiento
A97: 46097 | B97: 0.51041667 | C97: Magaly García Canté | D97: 700 | E97: Transferencia | H97: Individual | I97: {=_xlfn.IFS(D97<=700,"Seguimiento",D97=800,"Primera")} -> Seguimiento
A98: 46098 | B98: 0.5 | C98: Henry Lemus | D98: 700 | E98: Transferencia | H98: Individual | I98: {=_xlfn.IFS(D98<=700,"Seguimiento",D98=800,"Primera")} -> Seguimiento
A99: 46099 | B99: 0.42708333 | C99: Victorio Hernández | D99: 700 | E99: Transf Santa Clara | H99: Individual | I99: {=_xlfn.IFS(D99<=700,"Seguimiento",D99=800,"Primera")} -> Seguimiento
A100: 46100 | B100: 0.45833333 | C100: Gladys Santos | D100: 700 | E100: Transferencia | H100: Individual | I100: {=_xlfn.IFS(D100<=700,"Seguimiento",D100=800,"Primera")} -> Seguimiento
A101: 46100 | B101: 0.5 | C101: Dalila Mendez | D101: 700 | E101: Transf Santa Clara | H101: Individual | I101: {=_xlfn.IFS(D101<=700,"Seguimiento",D101=800,"Primera")} -> Seguimiento
A102: 46101 | B102: 0.41666667 | C102: Ana Matilde Alemán | D102: 700 | E102: Transferencia | H102: Individual | I102: {=_xlfn.IFS(D102<=700,"Seguimiento",D102=800,"Primera")} -> Seguimiento
A103: 46101 | B103: 0.45833333 | C103: Roberto Aguilar | D103: 700 | E103: Transf Santa Clara | H103: Individual | I103: {=_xlfn.IFS(D103<=700,"Seguimiento",D103=800,"Primera")} -> Seguimiento
I104: {=_xlfn.IFS(D104<=700,"Seguimiento",D104=800,"Primera")} -> Seguimiento
C105: TOTAL | D105: =SUM(D79:D104) -> 19100
E106: Individual | F106: =COUNTIF(H79:H104,E106) -> 25 | G106: Seguimiento | H106: =COUNTIF(I79:I104,G106) -> 21
E107: Pareja | F107: =COUNTIF(H79:H104,E107) -> 0 | G107: Primera | H107: =COUNTIF(I79:I104,G107) -> 5
E108: Familiar | F108: =COUNTIF(H79:H104,E108) -> 0
A111: FEBRERO
A112: Fecha | B112: Hora | C112: Paciente | D112: Total | E112: Forma de Pago | F112: Comentario | H112: Tipo de consulta | I112: Tipo
A113: 46055 | B113: 0.45833333 | C113: Claudia Marroquin | D113: 800 | E113: Transf Santa Clara | F113: NIT 9765190 | H113: Individual | I113: {=_xlfn.IFS(D113<=700,"Seguimiento",D113=800,"Primera")} -> Primera
A114: 46057 | B114: 0.41666667 | C114: Nelson Fajardo | D114: 700 | E114: Transf Santa Clara | F114: CF | H114: Individual | I114: {=_xlfn.IFS(D114<=700,"Seguimiento",D114=800,"Primera")} -> Seguimiento
A115: 46057 | B115: 0.5 | C115: Melvin Santos | D115: 800 | E115: Deposito | F115: CF | H115: Individual | I115: {=_xlfn.IFS(D115<=700,"Seguimiento",D115=800,"Primera")} -> Primera
A116: 46059 | B116: 0.375 | C116: Gerson Escobar | D116: 700 | E116: Transf Santa Clara | F116: Nit 13971131 | H116: Individual | I116: {=_xlfn.IFS(D116<=700,"Seguimiento",D116=800,"Primera")} -> Seguimiento
A117: 46059 | B117: 0.41666667 | C117: Patricia Escobar | D117: 700 | E117: Transf Santa Clara | F117: Nit 13971131 | H117: Individual | I117: {=_xlfn.IFS(D117<=700,"Seguimiento",D117=800,"Primera")} -> Seguimiento
A118: 46059 | B118: 0.45833333 | C118: Maria Gonzalez | D118: 800 | E118: Transferencia | F118: CF | H118: Individual | I118: {=_xlfn.IFS(D118<=700,"Seguimiento",D118=800,"Primera")} -> Primera
A119: 46060 | B119: 0.41666667 | C119: Anya Gozalez | D119: 700 | E119: Transferencia | F119: NIT: 10465170-9 | H119: Individual | I119: {=_xlfn.IFS(D119<=700,"Seguimiento",D119=800,"Primera")} -> Seguimiento
A120: 46064 | B120: 0.41666667 | C120: Gladys Santos | D120: 700 | E120: Transferencia | F120: NIT: 575797-5 | H120: Individual | I120: {=_xlfn.IFS(D120<=700,"Seguimiento",D120=800,"Primera")} -> Seguimiento
A121: 46064 | B121: 0.45833333 | C121: Francisca Mérida | D121: 800 | E121: Transferencia | F121: NIT 38304945 | H121: Individual | I121: {=_xlfn.IFS(D121<=700,"Seguimiento",D121=800,"Primera")} -> Primera
A122: 46064 | B122: 0.5 | C122: Claudia Marroquin | D122: 700 | E122: Transferencia | F122: NIT 9765190 | H122: Individual | I122: {=_xlfn.IFS(D122<=700,"Seguimiento",D122=800,"Primera")} -> Seguimiento
A123: 46064 | B123: 0.59375 | C123: Rolando Noriega | D123: 700 | E123: Transf Santa Clara | F123: CF | H123: Individual | I123: {=_xlfn.IFS(D123<=700,"Seguimiento",D123=800,"Primera")} -> Seguimiento
A124: 46065 | B124: 0.44444444 | C124: Berta Amparo | D124: 700 | E124: Transf Santa Clara | F124: Nit: 3397771-2 | H124: Individual | I124: {=_xlfn.IFS(D124<=700,"Seguimiento",D124=800,"Primera")} -> Seguimiento
A125: 46065 | B125: 0.58333333 | C125: Kevin Matías | D125: 800 | E125: Transferencia | F125: NIT: 11191855-3 | H125: Individual | I125: {=_xlfn.IFS(D125<=700,"Seguimiento",D125=800,"Primera")} -> Primera
...

Sheet CONSULTAS PSICOLOGICAS
A1: Consultas Psicologicas EXTERNA | L1: Individual | M1: 285
A2: PRIMER SEMESTRE 2026 | L2: Pareja | M2: 500
A3: MAYO | L3: Familiar | M3: 500
A4: Fecha | B4: Hora | C4: Paciente | D4: Tipo de Consulta | E4: Total | F4: Forma de Pago | G4: Comentario | I4: Tipo | J4: Terapeuta
A5: 46147 | B5: 0.45833333 | C5: Jonathan Juarez | D5: Individual | E5: 285 | F5: Efectivo | G5: NIT 115240039 | I5: Seguimiento | J5: Jose
A6: 46147 | B6: 0.5 | C6: Erika Gutierrez | D6: Individual | E6: 285 | F6: Efectivo | I6: Seguimiento | J6: Jose
A7: 46148 | B7: 0.38194444 | C7: Alejandro Cancino | D7: Individual | E7: 285 | F7: Transferencia | I7: Seguimiento | J7: Tzuny
A8: 46148 | B8: 0.41666667 | C8: Marlon Coleman | D8: Individual | E8: 285 | F8: Transferencia | I8: Seguimiento | J8: Tzuny
A9: 46149 | B9: 0.33333333 | C9: Gerardo Caal | D9: Individual | E9: 285 | F9: Transferencia | I9: Seguimiento | J9: Tzuny
A10: 46149 | B10: 0.50694444 | C10: Evangelina Gonzalez | D10: Individual | E10: 285 | F10: Transferencia | I10: Seguimiento | J10: Tzuny
A11: 46149 | B11: 0.58333333 | C11: Lourdes Quiñonez | D11: Individual | E11: 285 | F11: Transferencia | G11: CF | I11: Seguimiento | J11: Tzuny
A12: 46150 | B12: 0.45833333 | C12: Estuardo Barrios | D12: Individual | E12: 285 | F12: Transferencia | I12: Primera | J12: Tzuny
A13: 46150 | B13: 0.625 | C13: Fernanda Higueros | D13: Individual | E13: 285 | F13: Transferencia | I13: Seguimiento | J13: Tzuny
A14: 46151 | B14: 0.35416667 | C14: Nahomy Blanco | D14: Individual | E14: 285 | F14: Transferencia | I14: Seguimiento | J14: Jose
A15: 46151 | B15: 0.41666667 | C15: Valeria Menceces | D15: Individual | E15: 285 | F15: Transferencia | I15: Primera | J15: Jose
A16: 46151 | B16: 0.45833333 | C16: Janidy Perez | D16: Individual | E16: 285 | F16: Transferencia | I16: Primera | J16: Jose
A17: 46155 | B17: 0.375 | C17: Alejandro Cancino | D17: Individual | E17: 285 | F17: Tarjeta | I17: Seguimiento | J17: Tzuny
A18: 46155 | B18: 0.41666667 | C18: Jonathan Juarez | D18: Individual | E18: 285 | F18: Efectivo | I18: Seguimiento | J18: Jose
A19: 46155 | B19: 0.45833333 | C19: Erika Gutierrez | D19: Individual | E19: 285 | F19: Tarjeta | I19: Seguimiento | J19: Jose
A20: 46156 | B20: 0.51736111 | C20: José Fuentes | D20: Individual | E20: 285 | F20: Efectivo | I20: Seguimiento | J20: Tzuny
A21: 46156 | B21: 0.68402778 | C21: Lourdes Quiñonez | D21: Individual | E21: 285 | F21: Transferencia | I21: Seguimiento | J21: Tzuny
A22: 46157 | B22: 0.45833333 | C22: Estuardo Barrios | D22: Individual | E22: 285 | F22: Transferencia | G22: VIRTUAL | I22: Seguimiento | J22: Tzuny
D37: TOTAL | E37: =SUM(E5:E36) -> 5130 | G37: =((G40*285)*15%) -> 641.25
C39: Individual | D39: =COUNTIF(D5:D36,C39) -> 18 | F39: Primera | G39: =COUNTIF(I5:I36,F39) -> 3 | I39: Jose | J39: =COUNTIF(J5:J36,I39) -> 7
C40: Familiar | D40: =COUNTIF(D5:D36,C40) -> 0 | F40: Seguimiento | G40: =COUNTIF(I5:I37,F40) -> 15 | I40: Tzuny | J40: =COUNTIF(J5:J36,I40) -> 11
C41: Pareja | D41: =COUNTIF(D5:D36,C41) -> 0 | G41: =G40*41 -> 615
A44: ABRIL | L44: Familiar | M44: 500
A45: Fecha | B45: Hora | C45: Paciente | D45: Tipo de Consulta | E45: Total | F45: Forma de Pago | G45: Comentario | I45: Tipo | J45: Terapeuta
A47: 46119 | B47: 0.41666667 | C47: Abner Alvarado | D47: Individual | E47: 285 | F47: Efectivo | G47: NIT CF | I47: Seguimiento | J47: Tzuny
A48: 46119 | B48: 0.59027778 | C48: Bryan Jordan | D48: Individual | E48: 285 | F48: Tarjeta | G48: NIT 240119150 | I48: Primera | J48: Tzuny
A49: 46120 | B49: 0.33333333 | C49: Eduardo Guillen | D49: Individual | E49: 285 | F49: Transferencia | G49: RECIBO | I49: Seguimiento | J49: Tzuny
A50: 46120 | B50: 0.41666667 | C50: Marlon Coleman | D50: Individual | E50: 285 | F50: Transferencia | I50: Seguimiento | J50: Tzuny
A51: 46121 | B51: 0.63194444 | C51: Andrea Fernanda Higueros | D51: Individual | E51: 285 | F51: Transferencia | G51: NIT 98673300 | I51: Seguimiento | J51: Tzuny
A52: 46121 | B52: 0.67708333 | C52: Sindy Polanco | D52: Individual | E52: 285 | F52: Tarjeta | G52: solicitar pago a edgar | I52: Seguimiento | J52: Tzuny
A53: 46122 | B53: 0.45833333 | C53: Melanie Zuñiga | D53: Individual | E53: 285 | F53: Transferencia | I53: Seguimiento | J53: Tzuny
A54: 46123 | B54: 0.375 | C54: Nahomy Blanco | D54: Individual | E54: 285 | F54: Transferencia | I54: Seguimiento | J54: Jose
A55: 46125 | B55: 0.625 | C55: Adriana Reyes | D55: Individual | E55: 282 | F55: Transferencia | I55: Seguimiento | J55: Tzuny
A56: 46126 | B56: 0.59722222 | C56: Abner Alvarado | D56: Familiar | E56: 500 | F56: Efectivo | I56: Seguimiento | J56: Tzuny
A57: 46127 | B57: 0.30555556 | C57: Bryan Jordan | D57: Individual | E57: 285 | F57: Tarjeta | G57: NIT 240119150 | I57: Seguimiento | J57: Tzuny
A58: 46127 | B58: 0.4375 | C58: José Enrique Fuentes | D58: Individual | E58: 285 | F58: Efectivo | I58: Seguimiento | J58: Tzuny
A59: 46130 | B59: 0.375 | C59: Nahomy Blanco | D59: Individual | E59: 285 | F59: Transferencia | I59: Seguimiento | J59: Jose
A60: 46130 | B60: 0.45833333 | C60: Jennifer Cruz | D60: Individual | E60: 285 | F60: Transferencia | I60: Seguimiento | J60: Jose
A61: 46132 | B61: 0.52083333 | C61: Bonifacio Najera | D61: Individual | E61: 285 | F61: Efectivo | G61: NIT 117050316 | I61: Primera | J61: Jose
A62: 46133 | B62: 0.58333333 | C62: Alejandro Soto | D62: Individual | E62: 285 | F62: Efectivo | I62: Primera | J62: Tzuny
A63: 46134 | B63: 0.42013889 | C63: Marlon Coleman | D63: Individual | E63: 285 | F63: Transferencia | I63: Seguimiento | J63: Tzuny
A64: 46136 | B64: 0.41666667 | C64: Jenifer Barrios | D64: Individual | E64: 285 | F64: Transferencia | I64: Seguimiento | J64: Tzuny
A65: 46136 | B65: 0.47916667 | C65: Diana Rodriguez | D65: Individual | E65: 285 | F65: Transferencia | I65: Seguimiento | J65: Tzuny
A66: 46136 | B66: 0.625 | C66: Sindy Polanco | D66: Individual | E66: 285 | F66: Transferencia | I66: Seguimiento | J66: Tzuny
A67: 46137 | B67: 0.375 | C67: Nahomy Blanco | D67: Individual | E67: 285 | F67: Transferencia | I67: Seguimiento | J67: Jose
A68: 46137 | B68: 0.45833333 | C68: Jennifer Cruz | D68: Individual | E68: 285 | F68: Transferencia | I68: Seguimiento | J68: Jose
A69: 46139 | B69: 0.47916667 | C69: Sara Linars | D69: Individual | E69: 285 | F69: Transferencia | G69: NIT 7827172 | I69: Primera | J69: Tzuny
A70: 46139 | B70: 0.625 | C70: Adriana Reyes | D70: Individual | E70: 285 | F70: Transferencia | I70: Seguimiento | J70: Tzuny
A71: 46140 | B71: 0.4375 | C71: Bonifacio Najera | D71: Individual | E71: 285 | F71: Efectivo | I71: Seguimiento | J71: Jose
A72: 46140 | B72: 0.47916667 | C72: Erika Gutierrez | D72: Individual | E72: 285 | F72: Transferencia | I72: Primera | J72: Tzuny
A73: 46140 | B73: 0.625 | C73: Jonathan Juarez | D73: Individual | E73: 285 | F73: Efectivo | G73: NIT 115240039 | I73: Primera | J73: Jose
A74: 46141 | B74: 0.375 | C74: Alejandro Cancinos | D74: Individual | E74: 285 | F74: Efectivo | I74: Seguimiento | J74: Tzuny
A75: 46142 | B75: 0.66666667 | C75: Lourdes Quiñonez | D75: Individual | E75: 285 | F75: Transferencia | I75: Primera | J75: Tzuny
D76: TOTAL | E76: =SUM(E46:E75) -> 8477 | G76: =((G79*285)*15%) -> 940.5
C78: Individual | D78: =COUNTIF(D46:D75,C78) -> 28 | F78: Primera | G78: =COUNTIF(I46:I75,F78) -> 7 | I78: Jose | J78: =COUNTIF(J46:J75,I78) -> 8
C79: Familiar | D79: 1 | F79: Seguimiento | G79: =COUNTIF(I46:I76,F79) -> 22 | I79: Tzuny | J79: =COUNTIF(J46:J75,I79) -> 21
C80: Pareja | D80: =COUNTIF(D46:D75,C80) -> 0 | G80: =G79*41 -> 902
A83: MARZO | L83: Familiar | M83: 500
A84: Fecha | B84: Hora | C84: Paciente | D84: Tipo de Consulta | E84: Total | F84: Forma de Pago | G84: Comentario | I84: Tipo | J84: Terapeuta
A85: 46083 | B85: 0.45833333 | C85: José Fuentes | D85: Individual | E85: 285 | F85: Efectivo | G85: CF. | I85: Seguimiento | J85: Tzuny
A86: 46086 | B86: 0.5 | C86: Marlon Colman | D86: Individual | E86: 285 | F86: Transferencia | G86: CF. | I86: Seguimiento | J86: Tzuny
A87: 46087 | B87: 0.41666667 | C87: Jenifer Barrios | D87: Individual | E87: 285 | F87: Efectivo | G87: CF. | I87: Seguimiento | J87: Tzuny
A88: 46087 | B88: 0.45833333 | C88: Hector Caballeros | D88: Individual | E88: 285 | F88: Efectivo | I88: Seguimiento | J88: Tzuny
A89: 46088 | B89: 0.375 | C89: Jenifer Cruz | D89: Individual | E89: 285 | F89: Transferencia | G89: NIT: 338546170 | I89: Seguimiento | J89: Jose
A90: 46088 | B90: 0.45833333 | C90: Steven Monroy | D90: Individual | E90: 285 | F90: Transferencia | G90: NIT: 277646480 | I90: Seguimiento | J90: Jose
A91: 46088 | B91: 0.625 | C91: Katherine Espina | D91: Individual | E91: 285 | F91: Transferencia | G91: CF. | I91: Seguimiento | J91: Tzuny
A92: 46104 | B92: 0.375 | C92: Abraham Barrera | D92: Individual | E92: 285 | F92: Transferencia | G92: NIT NO SE PRESENTO PERO EL 09/03/23 PERO SE DIO EL 23/03 | I92: Seguimiento | J92: Tzuny
A93: 46092 | B93: 0.66666667 | C93: Sindy Polanco | D93: Individual | E93: 285 | F93: Transferencia | I93: Primera | J93: Tzuny
A94: 46093 | B94: 0.58333333 | C94: José Daniel Muñoz Mejia | D94: Pareja | E94: 500 | F94: Transferencia | G94: CF. | I94: Primera | J94: Jose
A95: 46094 | B95: 0.58333333 | C95: Melanie Zuñiga | D95: Individual | E95: 285 | F95: Transferencia | G95: CF. | I95: Primera | J95: Tzuny
A96: 46095 | B96: 0.375 | C96: Nahomy Blanco | D96: Individual | E96: 285 | F96: Transferencia | G96: Cf. | I96: Primera | J96: Jose
A97: 46095 | B97: 0.45833333 | C97: Jenifer Cruz | D97: Individual | E97: 285 | F97: Transferencia | G97: NIT: 338546170 | I97: Seguimiento | J97: Jose
A98: 46097 | B98: 0.45833333 | C98: José Fuentes | D98: Individual | E98: 285 | F98: Efectivo | I98: Seguimiento | J98: Tzuny
A99: 46099 | B99: 0.33333333 | C99: Eduardo Guillen | D99: Individual | E99: 285 | F99: Transferencia | I99: Seguimiento | J99: Tzuny
A100: 46100 | B100: 0.41666667 | C100: Marlon Colman | D100: Individual | E100: 285 | F100: Transferencia | I100: Seguimiento | J100: Tzuny
A101: 46100 | B101: 0.63194444 | C101: Andrea Fernanda Higueros | D101: Individual | E101: 285 | F101: Tarjeta | G101: NIT 98673300 | I101: Seguimiento | J101: Tzuny
A102: 46100 | B102: 0.65972222 | C102: Paula Lopez | D102: Individual | E102: 285 | F102: Transferencia | I102: Primera | J102: Jose
A103: 46102 | B103: 0.375 | C103: Nahomy Blanco | D103: Individual | E103: 285 | F103: Transferencia | I103: Seguimiento | J103: Jose
A104: 46102 | B104: 0.41666667 | C104: Steven Monroy | D104: Individual | E104: 285 | F104: Transferencia | I104: Seguimiento | J104: Jose
A105: 46102 | B105: 0.45833333 | C105: Jenifer Cruz | D105: Individual | E105: 285 | F105: Transferencia | I105: Seguimiento | J105: Jose
A106: 46104 | B106: 0.45833333 | C106: Diana Rodriguez | D106: Individual | E106: 285 | F106: Transferencia | I106: Seguimiento | J106: Tzuny
A107: 46105 | B107: 0.375 | C107: Abner Alvarado | D107: Individual | E107: 285 | F107: Deposito | I107: Primera | J107: Tzuny
A108: 46106 | B108: 0.34027778 | C108: Denis Morales | D108: Individual | E108: 285 | F108: Transferencia | I108: Primera | J108: Tzuny
A109: 46106 | B109: 0.66666667 | C109: Sindy Polanco | D109: Individual | E109: 285 | F109: Tarjeta | G109: solicitar pago a Edgar | I109: Seguimiento | J109: Tzuny
A110: 46108 | B110: 0.375 | C110: Jennifer Barrios | D110: Individual | E110: 285 | F110: Transferencia | I110: Seguimiento | J110: Tzuny
A111: 46108 | B111: 0.45833333 | C111: Josué Sierra | D111: Individual | I111: Primera | J111: Jose
A112: 46108 | B112: 0.58333333 | C112: Ingrid Muralles | D112: Individual | E112: 285 | F112: Transferencia | G112: CF. | I112: Seguimiento | J112: Tzuny
A113: 46109 | B113: 0.375 | C113: Nahomy Blanco | D113: Individual | E113: 285 | F113: Transferencia | G113: 52377040 | I113: Seguimiento | J113: Jose
A114: 46109 | B114: 0.41666667 | C114: Jennifer Cruz | D114: Individual | E114: 285 | F114: Transferencia | G114: 338546170 | I114: Seguimiento | J114: Jose
A115: 46112 | B115: 0.375 | C115: Abner Alvarado | D115: Individual | E115: 285 | F115: Efectivo | G115: CF. | I115: Seguimiento | J115: Tzuny
A116: 46112 | B116: 0.45833333 | C116: Adriana Reyes | D116: Individual | E116: 285 | F116: Transferencia | G116: 300338722-2 | I116: Primera | J116: Tzuny
A117: 46112 | B117: 0.5 | C117: Evangelina Gonzalez | D117: Individual | E117: 285 | F117: Efectivo | H117: CF. | I117: Seguimiento | J117: Tzuny
D118: TOTAL | E118: =SUM(E85:E117) -> 9335 | G118: =((16*285)*15%) -> 684 | I118: jose 8
C120: Individual | D120: =COUNTIF(D85:D117,C120) -> 31 | F120: Primera | G120: =COUNTIF(I85:I117,F120) -> 9 | I120: Jose | J120: =COUNTIF(J85:J117,I120) -> 12
C121: Familiar | D121: =COUNTIF(D85:D117,C121) -> 0 | F121: Seguimiento | G121: =COUNTIF(I85:I118,F121) -> 24 | I121: Tzuny | J121: =COUNTIF(J85:J117,I121) -> 21
C122: Pareja | D122: =COUNTIF(D85:D117,C122) -> 1 | G122: =G121*41 -> 984
...

Sheet Resumen
A1: COEX Doctor Luis Dardón
A2: MES | B2: Primera | C2: Reconsulta | D2: Ventas | E2: Crecimiento
A3: Enero | B3: ='CONSULTAS DR.'!H184 -> 10 | C3: ='CONSULTAS DR.'!H183 -> 21 | D3: ='CONSULTAS DR.'!D182 -> 21200 | E3: =(D3-20500)/ABS(20500) -> 0.034146341
A4: Febrero | B4: ='CONSULTAS DR.'!H145 -> 8 | C4: ='CONSULTAS DR.'!H144 -> 22 | D4: ='CONSULTAS DR.'!D143 -> 22150 | E4: =(D4-D3)/ABS(D3) -> 0.044811321
A5: Marzo | E5: =(D5-D4)/ABS(D4) -> -1
A6: Abril | E6: =(D6-D5)/ABS(D5) -> #DIV/0!
A7: Mayo | E7: =(D7-D6)/ABS(D6) -> #DIV/0!
A8: Junio | E8: =(D8-D7)/ABS(D7) -> #DIV/0!
A9: Julio | E9: =(D9-D8)/ABS(D8) -> #DIV/0!
A10: Agosto | E10: =(D10-D9)/ABS(D9) -> #DIV/0!
A11: Septiembre | E11: =(D11-D10)/ABS(D10) -> #DIV/0!
A12: Octubre | E12: =(D12-D11)/ABS(D11) -> #DIV/0!
A13: Noviembre | E13: =(D13-D12)/ABS(D12) -> #DIV/0!
A14: Diciembre | E14: =(D14-D13)/ABS(D13) -> #DIV/0!
B15: =SUM(B3:B14) -> 18 | C15: =SUM(C3:C14) -> 43 | D15: =SUM(D3:D14) -> 43350
A19: COEX PSICOLOGÍA
A20: MES | B20: Primera | C20: Reconsulta | D20: Ventas | E20: Crecimiento
A21: Enero | B21: ='CONSULTAS PSICOLOGICAS'!G179 -> 9 | C21: ='CONSULTAS PSICOLOGICAS'!G180 -> 13 | D21: ='CONSULTAS PSICOLOGICAS'!E177 -> 6270 | E21: =(D21-3135)/ABS(3135) -> 1
A22: Febrero | B22: ='CONSULTAS PSICOLOGICAS'!G148 -> 7 | C22: ='CONSULTAS PSICOLOGICAS'!G149 -> 12 | D22: ='CONSULTAS PSICOLOGICAS'!E146 -> 5580 | E22: =(D22-D21)/ABS(D21) -> -0.11004785
A23: Marzo | E23: =(D23-D22)/ABS(D22) -> -1
A24: Abril | E24: =(D24-D23)/ABS(D23) -> #DIV/0!
A25: Mayo | E25: =(D25-D24)/ABS(D24) -> #DIV/0!
A26: Junio | E26: =(D26-D25)/ABS(D25) -> #DIV/0!
A27: Julio | E27: =(D27-D26)/ABS(D26) -> #DIV/0!
A28: Agosto | E28: =(D28-D27)/ABS(D27) -> #DIV/0!
A29: Septiembre | E29: =(D29-D28)/ABS(D28) -> #DIV/0!
A30: Octubre | E30: =(D30-D29)/ABS(D29) -> #DIV/0!
A31: Noviembre | E31: =(D31-D30)/ABS(D30) -> #DIV/0!
A32: Diciembre | E32: =(D32-D31)/ABS(D31) -> #DIV/0!
B33: =SUM(B21:B32) -> 16 | C33: =SUM(C21:C32) -> 25 | D33: =SUM(D21:D32) -> 11850

Sheet EXTRA
B1: Facturas Pendientes
B2: Mes: MAYO 2026
B3: EXTRAS (ingresos, egresos, medicamentos…)
A4: Fecha | B4: Artículo | C4: Paciente | D4: Total | E4: Forma de Pago | F4: Comentario
A5: 46146 | B5: Medicina | C5: Mercedes Godinez | D5: 300 | E5: Transferencia | F5: 12 TAB leponex CF
A6: 46147 | B6: Medicina | C6: Dr. Guillermo Ortega | D6: 225 | E6: Transferencia | F6: 5 ampollas Haloperidol
F29: 0
D30: =SUM(D5:D29) -> 525
B32: Mes: ABRIL 2026
B33: EXTRAS (ingresos, egresos, medicamentos…)
A34: Fecha | B34: Artículo | C34: Paciente | D34: Total | E34: Forma de Pago | F34: Comentario
A36: 46126 | B36: Certificado | C36: Andrea Espinoza | D36: 275 | E36: Transferencia
A37: 46132 | B37: Medicina | C37: Patricia Escobar | D37: 1250 | E37: Deposito | F37: 50 tableta leponex
A38: 46134 | B38: Certificado | C38: Tomas Chocoj | D38: 400 | E38: Transferencia
A39: 46136 | B39: Medicina | C39: Abraham Barrera | D39: 2500 | E39: Transferencia | F39: 100 tableta leponex
F40: 0
D41: =SUM(D35:D40) -> 4425
B43: Mes: ENERO 2026
B44: EXTRAS (ingresos, egresos, medicamentos…)
A45: Fecha | B45: Artículo | C45: Paciente | D45: Total | E45: Forma de Pago | F45: Comentario
A46: 46025 | B46: Egreso | C46: Dalila Mendez | D46: 8232.16 | E46: Efectivo
A47: 46027 | B47: Egreso | C47: Stavroula | D47: 4947.13 | E47: Tarjeta
A48: 46029 | B48: Egreso | C48: Luis Pedro Ponce | D48: 8500 | E48: Tarjeta
D49: 11107 | E49: Transferencia
A50: 46029 | B50: Medicamento | C50: Luis Pedro Ponce | D50: 820 | E50: Tarjeta | F50: =SUM(D50:D51) -> 840
D51: 20 | E51: Efectivo
A52: 46030 | B52: Egreso | C52: Javier Letrán | D52: 10000 | E52: Tarjeta
A53: 46031 | B53: Estadía | C53: Osmar Marroquín | D53: 300 | E53: Visa Link | F53: NIT: 57428611
A54: 46031 | B54: Egreso | C54: Karina Coronado | D54: 5338.17 | E54: Tarjeta
A55: 46031 | B55: Egreso | C55: Osbaldo Perez | D55: 3483.65 | E55: Tarjeta
A56: 46036 | B56: Mensualidad | C56: Josue Ramirez | D56: 12762.95 | E56: Cheque-Tarjeta | F56: NIT: 89454014
A57: 46041 | B57: Informe y certificados | C57: Osbaldo Perez | D57: 1275 | E57: Transferencia
A58: 46045 | B58: Mecidamento | C58: Abraham Parrera | D58: 3750 | E58: Transferencia | F58: 3 cajas de leponex
A59: 46045 | B59: Medicamento | C59: Isaac Castellanos | D59: 285 | E59: Efectivo | F59: 1 decatensol y 1 jeringa
A60: 46048 | B60: Examenes | C60: Claudia Corina Ramirez | D60: 406 | E60: Efectivo | F60: Perifl Lipidico
A61: 46053 | B61: Medicamento | C61: Osmar Marroquín | D61: 420 | E61: Tarjeta | F61: 30 tableta Haloperidol
A62: 46053 | B62: Internamiento | C62: Osmar Marroquín | D62: 1500 | E62: Tarjeta | F62: 5 dias
A63: 46053 | B63: Internamiento | C63: Osmar Marroquín | D63: 300 | E63: Tarjeta | F63: 1 día
D71: =SUM(D46:D70) -> 73447.06
B118: Mes: OCTUBRE 2024
B119: EXTRAS (ingresos, egresos, medicamentos…)
A120: Fecha | B120: Artículo | C120: Paciente | D120: Total | E120: Forma de Pago | F120: Comentario
A121: 45567 | B121: Egreso | C121: Marjorie Jimena Bautista | D121: 5300 | E121: Efectivo
A122: 45569 | B122: Egreso | C122: Enrique Cotuc | D122: 3.6 | E122: Efectivo
A123: 45569 | B123: Egreso | C123: Alma de Leon | D123: 2550.6 | E123: Efectivo
A124: 45573 | B124: Egreso | C124: Cristian Velasquez | D124: 7617.79 | E124: Efectivo
A125: 45574 | B125: Egreso | C125: Faviola Díaz | D125: 8226.8 | E125: Transferencia | F125: NIT: 7151260-8
A126: 45580 | B126: Ingreso | C126: Yenifer Guzman | D126: 10000 | E126: Efectivo
A127: 45580 | B127: Ingreso | C127: Alma Castañeda | D127: 5000 | E127: transferencia | F127: NIT: 5470226 Afiliado Suarez
A128: 45581 | B128: Ingreso | C128: Rosa Luna de Gomez | D128: 10000 | E128: Transferencia | F128: NIT: 37306847Sergio Gómez
A129: 45583 | B129: Egreso | C129: Ana Maria Penado | D129: Q.24,224,31 | E129: Transferencia | F129: NIT:74978632 Johania Reyes
A130: 45586 | B130: Egreso | C130: Mynor Olaverri | D130: Q.10,103.28 | E130: Transferencia
A131: 45587 | B131: Egreso | C131: Luis Escobar | D131: Q.2,495.15 | E131: Transferencia | F131: NIT:108814904 RISCO
A132: 45587 | B132: Egreso | C132: Alma Castañeda | D132: Q.4,750.21 | E132: Transferencia | F132: NIT: 5470226 Afiliado Suarez
A133: 45588 | B133: Medicamento | C133: Mercedes Godinez | D133: 420 | E133: Transferencia | F133: NIT: 3824829 Victor Godines
A134: 45590 | B134: Ingreso | C134: Manuel Estrada | D134: 5000 | E134: Tarjeta
A135: 45592 | B135: Ingreso | C135: Luis Morales | D135: 5000 | E135: Cheque
A136: 45594 | B136: Ingreso | C136: Yailin Quiroa | D136: 10000 | E136: Efectivo
A137: 45594 | B137: Examenes | C137: Mynor Olaverri | D137: 498 | E137: Transferencia | F137: hematología completa litio Creatinina Nitrógeno de urea Transaminasa glutamica oxalacetica Transaminasa glutamica piruvica
D143: =SUM(D121:D142) -> 69616.79
B145: Mes: SEPTIEMBRE 2024
B146: EXTRAS (ingresos, egresos, medicamentos…)
A147: Fecha | B147: Artículo | C147: Paciente | D147: Total | E147: Forma de Pago | F147: Comentario
A148: 45538 | B148: Medicina | C148: Mercedes Godinez | D148: 210 | E148: Transferencia | F148: Haloperidol (15 tab 14 c/u)
A149: 45545 | B149: Examenes | C149: Ronaldo Argueta | D149: 234 | E149: Efectivo | F149: Litio (150) Nitrogeno de urea(42) creatinina(42)
A150: 45547 | B150: Examenes | C150: Nestor Hernandez | D150: 84 | E150: Efectivo | F150: Transaminasas (42/cu) NIT 12842214
A151: 45552 | B151: Certificado | C151: Leslie Roberto Solorzano | D151: 600 | E151: Transferencia
A152: 45554 | B152: Medicina | C152: Mercedes Godinez | D152: 420 | E152: Efectivo | F152: Haloperidol (30 tab 14 c/u)
A153: 45556 | B153: Certificado | C153: Julio Guzman | D153: 250 | E153: Transferencia
A154: 45561 | B154: Certificado | C154: Johanna Maribel | D154: 250 | E154: Efectivo
A155: 45561 | B155: Medicina | C155: Mercedes Godinez | D155: 140 | E155: Efectivo | F155: Haloperidol (10 tab 14 c/u)
A156: 45565 | B156: Certificado | C156: Johanna Maribel | D156: 250 | E156: Efectivo
D159: =SUM(D148:D158) -> 2438
B161: Mes: AGOSTO 2024
B162: EXTRAS (ingresos, egresos, medicamentos…)
A163: Fecha | B163: DOC | C163: Paciente | D163: Total | E163: Forma de Pago | F163: Comentario
A164: 45509 | B164: Medicina | C164: Beatriz Campos | D164: 980 | E164: Efectivo | F164: Haloperidol (14 c/u 70 tab)
A165: 45511 | B165: Laboratorios | C165: Santos Granillo | D165: 90 | E165: Efectivo | F165: Hematologia
A166: 45514 | B166: Certificado | C166: Carlos Luna | D166: 500 | E166: Transferencia
A167: 45524 | B167: Certificado | C167: Johana Velasquez | D167: 250 | E167: Efectivo | F167: Certificado médico
A168: 45526 | B168: Medicina | C168: Esdras Cabrera | D168: 8.65 | E168: Efectivo | F168: Alprazolam
A169: 45527 | B169: Medicina | C169: Juan Francisco Gonzales | D169: 237 | E169: Transferencia | F169: Ampolla Flugicil
A170: 45532 | B170: Medicina | C170: Irving Arriaga | D170: 270 | E170: Transferencia | F170: Stildem (una caja)
A171: 45532 | B171: Medicina | C171: Esdras Cabrera | D171: 540 | E171: Efectivo | F171: Stildem (2 cajas)
A172: 45532 | B172: Certificado | C172: Johana Velasquez | D172: 250 | E172: Efectivo | F172: Certificado médico | H172: NIT 1090429
A173: 45533 | B173: Medicina | C173: Roberto Solorzano | D173: 90 | E173: Transferencia | F173: Stildem (10 pastillas) | H173: DPI 4014 12067 0101
D187: =SUM(D164:D186) -> 3215.65
B189: Mes: JULIO 2024
B190: EXTRAS (ingresos, egresos, medicamentos…)
A191: Fecha | B191: DOC | C191: Paciente | D191: Total | E191: Forma de Pago | F191: Comentario
A192: 45477 | B192: Medicina | C192: Yeni Ortiz | D192: 197.35 | E192: Efectivo | F192: 9 ashram (7.15 c/u) 45 litios (3 c/u)
A193: 45478 | B193: Medicina | C193: Liliana Chití | D193: 140 | E193: Efectivo | F193: Dormicum (135) jeringa (5)
A194: 45479 | B194: Medicina | C194: Irving Lobos | D194: 364.35 | E194: Tarjeta | F194: NIT 68995555
A195: 45481 | B195: Certificado | C195: Liliana Chití | D195: 250 | E195: Efectivo | F195: CF | I195: =11.15*30 -> 334.5
A196: 45482 | B196: Laboratorios | C196: Esteban Hernandez | D196: 452 | E196: Efectivo | F196: CF | I196: =11.15*15 -> 167.25
A197: 45485 | B197: Medicina | C197: Mynor Larios | D197: 360 | E197: Transferencia | F197: Haloperido (30 tab 12 c/u)
A198: 45489 | B198: Medicina | C198: Luis Najarro | D198: 952.5 | E198: Deposito | F198: Haloperido (30tab 14cu) sedaplus (60 tab 3c/u) quetidin 25 mg (30 tab 11.75 c/u) | I198: =7.5*30 -> 225
A199: 45496 | B199: Medicina | C199: Mercedes Godinez | D199: 280 | E199: Efectivo | F199: Haloperidol (14 c/u 30 tab) | I199: =SUM(I195:I198) -> 726.75
A200: 45500 | B200: Certificado | C200: Robin Galvez | D200: 250 | E200: Efectivo
D202: =SUM(D192:D201) -> 3246.2

Sheet VISITAS
A1: MAYO
A2: Lunes | B2: Martes | C2: Miercoles | D2: Jueves | E2: Viernes | F2: Sabado | G2: Domingo | J2: Fines de semana | L2: Cronicos
E3: 1 Barbara 10:00 a.m. | F3: 2 Abner 11:00 a.m. Doña Elida 3:00 p.m. | G3: 3 | J3: Entre Semana | L3: Agudos y cronicos
A4: 5 | B4: 6 Martita 10:30 a.m. | C4: 7 | D4: 8 | E4: 9 Barbara 10:00 a.m. | F4: 10 Abner 11:00 a.m. | G4: 11
A5: 12 | B5: 13 | C5: 14 | D5: 15 | E5: 16 | F5: 17 | G5: 18
A6: 19 | B6: 20 | C6: 21 | D6: 22 | E6: 23 | F6: 24 | G6: 25 | M6: w
A7: 26 | B7: 27 | C7: 28 | D7: 29 | E7: 30 | F7: 31
A9: ENERO
A10: Lunes | B10: Martes | C10: Miercoles | D10: Jueves | E10: Viernes | F10: Sabado | G10: Domingo | J10: Fines de semana | L10: Cronicos
C11: 1 | D11: 2 | E11: 3 Barbara Rivera 10:00 Linda Mendoza 12:00 pm | F11: 4 Abner Moctezuma 11:00 am Angel Samayoa 14:00 | G11: 5 | J11: Entre Semana | L11: Agudos y cronicos
A12: 6 | B12: 7 | C12: 8 | D12: 9 | E12: 10 | F12: 11 | G12: 12
A13: 13 | B13: 14 Mercedes Godinez 10:00 | C13: 15 | D13: 16 | E13: 17 | F13: 18 | G13: 19
A14: 20 | B14: 21 | C14: 22 | D14: 23 | E14: 24 | F14: 25 | G14: 26 | M14: w
A15: 27 | B15: 28 | C15: 29 | D15: 30 | E15: 31
